[Event "Slovakia Open 2022"]
[Site "Bratislava"]
[Date "2022.09.30"]
[Round "2.8"]
[White "Chlpek, Daniel"]
[Black "Mikrut, Dariusz"]
[Result "0-1"]
[ECO "E73"]
[WhiteElo "2020"]
[BlackElo "2316"]
[Annotator "TA"]
[PlyCount "90"]
[EventDate "2022.09.30"]
[EventCountry "SVK"]
[SourceTitle "playchess.com"]
[Source "ChessBase"]
[SourceQuality "1"]
[TimeControl "2700+10"]

1. d4 Nf6 2. c4 g6 3. Nc3 Bg7 4. e4 d6 5. Be2 O-O 6. Bg5 Na6 7. h4 h5 {[%emt 0:00:40] E73: King's Indian: Averbakh Variation without 6...c5.} 8. Qd2 Qe8 {[%emt 0:00:41] [#]} 9. O-O-O $146 ({Predecessor:} 9. f3 e5 10. d5 Nc5 11. Nb5 Qd7 12. b4 a6 13. bxc5 axb5 14. c6 bxc6 15. dxc6 Qxc6 16. cxb5 {½-½ (23) Friedgood,D (2188)-Bowmer,K (2039) Hull 2018}) 9... c5 {[%emt 0:00:13] Hoping for ...cxd4. The position is equal.} 10. d5 Nc7 11. Bh6 a6 12. Bxg7 Kxg7 13. f3 b5 14. Re1 (14. g4 $5) 14... Rb8 15. Bd3 (15. g4 $5) 15... e5 16. dxe6 $1 Bxe6 17. Nd5 (17. Nge2 $1 $11) 17... Qd8 $1 $15 18. Ne2 bxc4 (18... Bxd5 19. cxd5 Re8 20. Kb1 $11) 19. Bxc4 Bxd5 20. Bxd5 ({White must play} 20. exd5 $15 Nd7 21. b3) 20... Ncxd5 ({Black should play} 20... Nfxd5 21. exd5 Rb4) 21. exd5 $17 Rb4 {[%emt 0:00:25] Against g4} 22. Qc3 Kg8 23. Rd1 (23. a3 $17 {might work better.} Nxd5 24. Qd3) 23... Re8 (23... Nd7 $19 {...Ne5 is the strong threat.} 24. Qc2 Ne5) 24. a3 Rb8 {[%emt 0:03:23] Black is more active.} ({Reject} 24... Rxe2 $6 25. axb4 cxb4 26. Qxb4 $11) 25. Nf4 (25. Rd2 $17 {was the only chance.}) 25... Re5 (25... Nd7 $1 $19 26. Kb1 Ne5) 26. Rhe1 (26. Rde1 $17) 26... Nd7 $19 27. g3 Qf6 (27... Rxe1 $19 28. Rxe1 Ne5) 28. Rxe5 (28. Re4 $17) 28... Nxe5 29. Nd3 Qxf3 30. Nxe5 Qxc3+ 31. bxc3 dxe5 {[%emt 0:00:02][%mdl 4096] Endgame KR-KR} 32. Kc2 e4 (32... c4 $19 33. d6 Kf8) 33. Kd2 (33. d6 $17) 33... Kf8 34. Ke3 Rb3 $2 (34... f5 $19 {White must now prevent ...Ke7.} 35. Kf4 Kf7) 35. Kxe4 $11 Rxc3 36. d6 {[%emt 0:02:22] aiming for d7.} Ke8 37. Kd5 Kd7 (37... Rxa3 38. Kc6 Re3 39. Kc7 Re7+ 40. dxe7 Kxe7 41. Rc1 $18) 38. Rb1 (38. Rf1 $11 {was the only way to keep the balance.} f5 39. Rb1 Rd3+ 40. Kxc5) 38... Rd3+ $17 (38... Rxa3 $2 39. Rb7+ Ke8 40. Kc6 $18) 39. Kxc5 Rxd6 {[%emt 0:00:12] Strongly threatening ...Rd3.} ({Of course not} 39... Rc3+ $6 40. Kd5 $11) 40. Rb7+ (40. a4 $17 {is a better defense.}) 40... Ke6 $19 41. a4 {[%emt 0:00:49] [#]} Rd3 $1 42. Rb6+ {[%emt 0:02:04] [#]} Kf5 $1 43. Rxa6 Rxg3 44. Rb6 (44. Rd6 $17) 44... Ra3 45. Rb4 (45. Kb4 {was the only defense.} Rh3 46. a5) 45... f6 {[%emt 0:00:26] Weighted Error Value: White=0.36/Black=0.18 (very precise)} 0-1

[Event "Slovakia Open 2022"]
[Site "Bratislava"]
[Date "2022.09.30"]
[Round "2.9"]
[White "Machata, Martin"]
[Black "Zetocha, Adrian"]
[Result "0-1"]
[ECO "B21"]
[WhiteElo "2212"]
[BlackElo "2205"]
[Annotator "TA"]
[PlyCount "86"]
[EventDate "2022.09.30"]
[EventCountry "SVK"]
[SourceTitle "playchess.com"]
[Source "ChessBase"]
[SourceQuality "1"]
[TimeControl "2700+10"]

1. e4 {[%emt 0:10:00] ChessBase II} c5 2. Nc3 Nc6 3. Bb5 g6 4. Bxc6 dxc6 5. d3 Bg7 6. f4 Nf6 7. Nf3 O-O 8. O-O Nd7 {[%emt 0:04:02][%cal Oc5c4] B21: Sicilian: 2 f4 and Morra Gambit.} 9. Qe1 e5 10. Qg3 (10. f5 $1 $16) 10... Re8 (10... c4 $1 $11) 11. f5 $14 Nf8 (11... Nf6 $14) 12. Be3 ({Better is} 12. Rf2 $16) 12... b6 {[%emt 0:00:29] [#]} (12... gxf5 $14 13. exf5 (13. Bxc5 f4 $11) 13... Bxf5) 13. Rf2 $146 ({Predecessor:} 13. h4 gxf5 14. exf5 Bxf5 15. h5 Kh8 16. Ng5 Be6 17. Nxf7+ Bxf7 18. Rxf7 Ne6 19. h6 Bf6 20. Ne4 Nf4 21. Nxf6 Qxf6 22. Rxf6 {1-0 (22) Riff,V (2110)-Lecoq,J (2095) Aix les Bains 2003 EXT 2004 [ChessBase II]}) 13... f6 (13... gxf5 $16 14. exf5 (14. Bh6 Ng6 $11) 14... Bxf5) 14. Raf1 $18 a5 15. fxg6 ({White should try} 15. Nh4 $18) 15... hxg6 $16 16. Nh4 Kh7 17. Nf3 (17. a4 $16) 17... Ra7 (17... Kg8 $11 {remains equal.}) 18. Qh4+ Kg8 19. Nd1 Ne6 (19... Be6 $14) 20. Qg3 $1 Nf8 21. Bc1 (21. Nh4 $16) 21... Be6 (21... f5 $1 $11) 22. Ne3 (22. b3 $16) 22... Bxa2 $2 (22... f5 $14 23. exf5 (23. Nxe5 Qd6 $11) 23... gxf5 24. Nxe5 Qc7) 23. b3 $18 {[%emt 0:00:48] Hoping for Nh4.} a4 24. Nh4 axb3 25. Nxg6 {[%emt 0:00:07][%cal Oe3g4] Black must now prevent Ng4!} bxc2 26. Nf5 (26. Nxc2 Be6 $11) (26. Nxf8 $1 $18 Rxf8 27. Ng4 (27. Nxc2 Bb3 $15)) 26... Nxg6 $4 (26... Be6 $16) 27. Qxg6 Be6 $2 (27... Rf8 28. Bh6 (28. Rxc2 Be6 $11) 28... Qe8) 28. Nh6+ $1 (28. Rxc2 Bxf5 29. Qxf5 Qxd3 $11) 28... Kh8 {[%emt 0:00:11] [#]} 29. Nf5 $2 (29. Qh5 $1 $18) 29... Rf8 {[%emt 0:00:43] [#]} (29... Bf8 $11) 30. Rf3 (30. Qh5+ $1 $16 Kg8 31. Nh6+ Bxh6 32. Bxh6) 30... Bxf5 $11 31. Rxf5 Rff7 32. Rh5+ $2 (32. h4 $11) 32... Kg8 $19 {[%emt 0:00:01] Threatens to win with ...Qd4+.} 33. h4 Qxd3 $2 ({And not} 33... Kf8 34. Rh7 Qxd3 35. h5 $11) (33... Qd4+ $19 34. Kh2 Qxd3 35. Qh7+ (35. Rf3 $2 Qd1 $19) 35... Kf8) 34. Rhf5 $2 (34. Rh7 $1 $11 {and White has nothing to worry.}) 34... Ra1 (34... Qxe4 $142 {...Ra1 is the strong threat.} 35. h5 Ra1) 35. R5f3 $2 (35. R5f2 {is the only way for White.}) 35... Qd4+ $2 (35... Qd1 $19 36. Be3 f5 37. exf5 e4) 36. Kh2 $15 Qd1 (36... Kf8 $15 37. h5 Ke7) 37. Bh6 $2 (37. Rxf6 $11 Rxf6 38. Rxf6 Rxc1 39. Qe8+ Kh7 40. Qg6+ Kh8 41. Qe8+ Kh7 42. Qg6+ Kh8 43. Qe8+ Kh7) 37... Qxf1 $19 38. Rxf1 Rxf1 39. Bxg7 {[%emt 0:00:00] [#] Strongly threatening Bh6+.} Rh1+ $3 {[%emt 0:00:13][%mdl 512] Black mates.} 40. Kxh1 c1=Q+ 41. Kh2 Rxg7 42. Qe8+ Kh7 43. Qh5+ Qh6 {[%emt 0:00:00] Weighted Error Value: White=0.90/Black=0.81} 0-1

[Event "Slovakia Open 2022"]
[Site "Bratislava"]
[Date "2022.09.30"]
[Round "2.10"]
[White "Panko, Radoslav"]
[Black "Matejovic, Juraj"]
[Result "1-0"]
[ECO "A45"]
[WhiteElo "1996"]
[BlackElo "2238"]
[Annotator "TA"]
[PlyCount "84"]
[EventDate "2022.09.30"]
[EventCountry "SVK"]
[SourceTitle "playchess.com"]
[Source "ChessBase"]
[SourceQuality "1"]
[TimeControl "2700+10"]

1. d4 Nf6 2. Bg5 g6 3. Bxf6 exf6 4. c4 Bg7 5. Nc3 d6 6. e3 {[%emt 0:00:05] A45: Trompowsky Attack.} Nd7 7. g3 f5 8. Nge2 {[%emt 0:00:19] The position is equal.} c6 9. Bg2 a5 10. O-O O-O 11. a3 {[%emt 0:00:16] [#]} Qb6 $146 ({Predecessor:} 11... Nf6 12. b4 Be6 13. Qd3 Qe7 14. Rfb1 h5 15. h4 Rfc8 16. Ra2 axb4 17. axb4 Rxa2 18. Nxa2 {0-1 (50) Koellner,R (2376)-Rangel,D (2227) Chess.com INT 2020}) 12. b4 axb4 13. axb4 Rxa1 14. Qxa1 Qxb4 15. Qa2 (15. Rb1 $5 Qxc4 16. Nf4 Bxd4 17. exd4 $11) 15... Qb6 16. Rb1 Qc7 17. Qa7 Qd8 18. Na4 Re8 19. Nb6 Nxb6 20. Rxb6 Bf8 21. Nc3 Qf6 22. Qa3 d5 23. c5 Qd8 {[%emt 0:01:16] ...Qxb6 is the strong threat.} 24. Qb2 h5 25. h4 ({White should play} 25. Rb3) 25... Bg7 (25... f4 $1 $17 {[%cal Rf4g3] And now ...fxg3 would win.} 26. exf4 Qe7) 26. Ne2 $15 Bh6 27. Bf3 (27. Nf4 $11) 27... Qe7 (27... g5 $1 $17 28. hxg5 (28. Bxh5 gxh4 29. Rxb7 Bxb7 $17) 28... Qxg5) 28. Kg2 Qc7 29. Nc1 ({Better is} 29. Nf4 $11) 29... Qd7 (29... f4 $15 30. exf4 Bxf4 $1 31. gxf4 Qxf4) 30. Nd3 $11 f4 31. Nxf4 {[%emt 0:00:05][%mdl 8192] Active counter play!} (31. exf4 $11 Bg7 32. Qc3) 31... Bxf4 $19 32. exf4 (32. Rb3 $19) 32... Re1 (32... Qh3+ $142 33. Kg1 Re1#) 33. g4 hxg4 34. Be2 g3 35. fxg3 Qh3+ 36. Kf2 Qh1 37. Qd2 Qg1+ 38. Kf3 Bf5 39. Rxb7 Be4+ 40. Kg4 Qf2 41. Kg5 Kg7 ({But not} 41... Rxe2 {[#]} 42. Kh6 $1 Kf8 43. Qa5 Bf5 44. Qc7) 42. Qa5 Qxd4 $4 {[%emt 0:00:29][%mdl 8192] Weighted Error Value: White=0.79/Black=0.25 (precise)} 1-0

[Event "Slovakia Open 2022"]
[Site "Bratislava"]
[Date "2022.09.30"]
[Round "2.11"]
[White "Kukelko, Alexey"]
[Black "Rosol, Alexander"]
[Result "1-0"]
[WhiteElo "2280"]
[BlackElo "2041"]
[Annotator "TA"]
[PlyCount "33"]
[EventDate "2022.09.30"]
[EventCountry "SVK"]
[SourceTitle "playchess.com"]
[Source "ChessBase"]
[SourceQuality "1"]
[TimeControl "2700+10"]

1. e4 d6 2. d4 Nf6 3. Nc3 e5 4. Nf3 Nbd7 5. Bc4 Be7 6. O-O c6 7. a4 O-O 8. Re1 a5 {[%emt 0:00:05] 8...h6 gains popularity.} 9. h3 {[%emt 0:00:21] [#]} {Predecessor:} Nb6 $146 {C41: Philidor Defence.} 10. Bb3 Nfd7 11. Be3 exd4 12. Nxd4 Nc5 13. Qf3 Nxb3 14. cxb3 Nd7 15. Rad1 Ne5 16. Qe2 f6 17. f4 {1-0 (54) Sadhwani,R (2620)-Morozevich,A (2659) Krasnogorsk 2022} 1-0

[Event "Slovakia Open 2022"]
[Site "Bratislava"]
[Date "2022.09.30"]
[Round "2.12"]
[White "Djubek, Boris"]
[Black "Nestorenko, Dmitry"]
[Result "1/2-1/2"]
[ECO "B40"]
[WhiteElo "1995"]
[BlackElo "2168"]
[Annotator "TA"]
[PlyCount "92"]
[EventDate "2022.09.30"]
[EventCountry "SVK"]
[SourceTitle "playchess.com"]
[Source "ChessBase"]
[SourceQuality "1"]
[TimeControl "2700+10"]

1. d4 e6 2. Nf3 c5 3. e4 cxd4 4. Nxd4 Nf6 5. Nc3 Bb4 6. Bd3 Nc6 7. Nxc6 dxc6 8. e5 {[%emt 0:03:44] B40: Sicilian: 2...e6, Unusual lines.} Nd5 9. Bd2 {[%emt 0:01:14] [#]} Qc7 $146 ({Predecessor:} 9... Qa5 10. Ne4 Bxd2+ 11. Qxd2 Qxd2+ 12. Kxd2 Nf4 13. g3 Nxd3 14. cxd3 Ke7 15. d4 Bd7 {1-0 (34) Escobar Medina,A (2270)-Hernandez Pinzon,H (2017) Medellin 2019}) 10. Nxd5 Bxd2+ 11. Qxd2 cxd5 12. Qg5 g6 (12... O-O $11) 13. Qf6 $14 Rg8 14. O-O-O {[%emt 0:01:03] White is more active.} Qe7 15. Qxe7+ Kxe7 16. h4 h6 17. f4 Bd7 18. g4 a6 19. a3 Rac8 20. Be2 Ba4 21. Rd2 Rc5 22. Rh3 f6 (22... Bb5 $11) 23. b3 Bb5 24. a4 (24. Bxb5 $14 axb5 25. exf6+ Kxf6 26. Re3) 24... Bxe2 $1 $11 25. Rxe2 fxe5 26. Rxe5 {[%emt 0:00:39][%mdl 4096] Endgame KRR-KRR} Rgc8 27. Re2 Rf8 28. h5 Rxf4 {[%emt 0:00:56] [#] Strongly threatening ...g5.} 29. hxg6 Rxg4 30. Rxh6 Rc6 31. Rf2 Kd6 32. Rh7 Rxg6 33. Rxb7 Kc5 34. Kd2 e5 35. Re7 Kd4 36. Re2 e4 37. c4 ({Only move:} 37. c3+ $1 $11 Rxc3 38. R2xe4+ dxe4 39. Rd7+ Ke5 40. Kxc3) 37... Rce6 (37... Rge6 $1 $15 38. Rd7 Rcd6 39. cxd5 Kxd5) 38. Rxe6 (38. Rd7 $11 {remains equal.} Rd6 39. Rxd6 Rxd6 40. cxd5) 38... Rxe6 $17 39. cxd5 Kxd5 $11 {[%emt 0:00:04] KR-KR} (39... e3+ $17 40. Kc1 Rb6) 40. Rh2 {[%emt 0:00:59] The position is equal.} Kd4 41. Rh8 Rd6 42. Re8 Kc5+ 43. Kc2 Kd4 44. Kd2 Rh6 45. Rd8+ Kc5 46. Rc8+ Kd4 {[%emt 0:01:45] Weighted Error Value: White=0.15 (very precise) /Black=0.12 (very precise)} 1/2-1/2

[Event "Slovakia Open 2022"]
[Site "Bratislava"]
[Date "2022.09.30"]
[Round "2.13"]
[White "Slovak, Kilian"]
[Black "Mandak, Miroslav"]
[Result "1-0"]
[ECO "B12"]
[WhiteElo "2278"]
[BlackElo "1864"]
[Annotator "TA"]
[PlyCount "82"]
[EventDate "2022.09.30"]
[EventCountry "SVK"]
[SourceTitle "playchess.com"]
[Source "ChessBase"]
[SourceQuality "1"]
[TimeControl "2700+10"]

1. e4 c6 2. d4 d5 3. e5 c5 4. Nf3 Bg4 5. dxc5 e6 6. Be3 {[%emt 0:01:06] B12: Caro-Kann: Advance Variation.} Nc6 7. c3 Bxf3 (7... a6 {is interesting.} 8. Qb3 Bxf3 9. Qxb7 Nge7) 8. Qxf3 Nxe5 9. Qg3 (9. Bb5+ $14 Nc6 10. O-O) 9... Nc6 $11 10. Nd2 Nf6 11. b4 a6 {[%emt 0:02:42] [#]} 12. Bd3 $146 ({Predecessor:} 12. Be2 g6 13. h4 h5 14. Bf4 Bg7 15. Bd6 Ng4 16. Rc1 Nh6 17. Bd3 Ne7 18. Bc2 {0-1 (46) Jentsch,D (2135)-Krueger,E (2210) Halle 2007}) 12... d4 13. cxd4 {[%emt 0:02:31] next a3 is good for White.} Nxb4 {[%emt 0:00:39] Pair of Knights!} 14. Bb1 Nbd5 ({Black should play} 14... Nc6 $11) 15. O-O $14 Qc7 ({Black should try} 15... Qb8) 16. Qf3 (16. Qxc7 $16 Nxc7 17. Bd3) 16... Be7 $1 17. Ne4 O-O 18. Bd3 Rad8 19. Rab1 Nxe4 20. Bxe4 f5 21. Bc2 (21. Bxd5 $5 Rxd5 22. Rb6 $14) 21... b6 22. Bb3 bxc5 23. Rfc1 Bf6 (23... Nxe3 $11 {keeps the balance.} 24. Qxe3 (24. Bxe6+ Kh8 $11) 24... Kh8) 24. dxc5 $16 Qe5 {[%emt 0:01:53] White stays focused until the end.} (24... Nxe3 $14 25. Qxe3 (25. Bxe6+ Kh8 $14) 25... Be5) 25. Bxd5 ({Better is} 25. Bd2 $18) 25... Rxd5 $2 (25... Qxd5 $16 26. Qxd5 exd5) 26. c6 $18 Qc7 (26... g5 $142 27. c7 Rc8) 27. Bf4 Be5 28. Rb7 Qc8 (28... Qa5 29. h4 Rdd8) 29. h4 (29. Bxe5 $142 Rxe5 30. Qc3 Qxb7 31. cxb7) 29... Bxf4 30. Qxf4 Rdd8 31. h5 (31. Qe5 $142 Rf7 32. c7) 31... Rf7 32. Qb4 (32. c7 $142 Re8 33. Rb8 Rxc7 34. Rxc8 Rcxc8 35. Re1) 32... a5 (32... Rxb7 $142 33. Qxb7 Re8) 33. Qb6 Rxb7 34. Qxb7 {[%emt 0:00:03][%mdl 4096] Endgame KQR-KQR} Re8 35. a4 Kf8 36. Qa7 Qa8 37. Qc5+ Kf7 38. Rb1 {[%emt 0:00:21] [#] Hoping for Rb7+.} Re7 {[%emt 0:00:08] Inhibits Rb7.} 39. Rb5 {[%emt 0:00:13] aiming for Qd6.} Rc7 40. Rb6 {[%emt 0:00:07] Black must now prevent Qd6.} Qd8 {[%emt 0:00:23] [#] Prevents Qd6.} 41. Kh2 $2 (41. g3 $1 $18) 41... Qc8 $2 {[%emt 0:00:26][%mdl 8192] Prevents Rb7.  Weighted Error Value: White=0.92/Black=0.41} (41... Qh4+ $1 $11 {and Black stays safe.} 42. Kg1 Qd8) 1-0

[Event "Slovakia Open 2022"]
[Site "Bratislava"]
[Date "2022.09.30"]
[Round "2.14"]
[White "Hnatyshyn, Anastasiia"]
[Black "Pasti, Aron"]
[Result "0-1"]
[ECO "B44"]
[WhiteElo "2087"]
[BlackElo "2350"]
[Annotator "TA"]
[PlyCount "102"]
[EventDate "2022.09.30"]
[EventCountry "SVK"]
[SourceTitle "playchess.com"]
[Source "ChessBase"]
[SourceQuality "1"]
[TimeControl "2700+10"]

1. e4 c5 2. Nf3 e6 3. d4 cxd4 4. Nxd4 Nc6 5. Be3 Nf6 6. Nxc6 bxc6 7. Bd3 d5 8. exd5 cxd5 9. O-O {[%emt 0:00:19] B44: Sicilian: Taimanov: 5 Nb5.} Bd6 10. Nd2 O-O 11. c4 {[%emt 0:01:36][%cal Bc2c4,Bc4c5][%mdl 32] Black has an edge.} Bb7 {[%emt 0:00:25] [#]} 12. c5 $146 ({Predecessor:} 12. Bg5 dxc4 13. Nxc4 Bxh2+ 14. Kxh2 Qd5 15. Qf3 Qxg5 16. Qg3 Qxg3+ 17. Kxg3 Rfd8 18. Be2 {½-½ (60) Becker,N (2070)-Herm,M (2034) Playchess.com INT 2020}) 12... Bc7 (12... d4 $5 13. cxd6 dxe3 $11) 13. Rc1 d4 14. Bg5 {[%emt 0:00:11] Threatens to win with c6.} Qd5 15. Nf3 (15. c6 $5 Bxc6 16. Rxc6 Qxc6 17. Bxf6 gxf6 18. Qg4+ Kh8 19. Qh4 $11) 15... Ng4 $1 {[%emt 0:01:51] ...h6 is the strong threat.} 16. c6 Bxc6 {[%emt 0:01:06] Black is more active.} 17. Bxh7+ $1 Kh8 (17... Kxh7 $15 18. Qc2+ Kg8 19. Qxc6 {[#]} Bxh2+ $1 20. Nxh2 Qxg5) 18. Qxd4 (18. Bd3 $11) 18... Bxh2+ $15 19. Kh1 {[%emt 0:00:02] [#]} Qxf3 20. Rxc6 $1 $11 Be5 {[%emt 0:04:30] The board is on fire.} 21. gxf3 Bxd4 22. fxg4 Kxh7 23. b3 Kg6 $36 {[%emt 0:00:34][%mdl 2048] White is under pressure.} 24. Bf4 Rac8 25. Rd6 Bb6 26. Rd2 {[%emt 0:00:45] Inhibits Rc2.} f6 27. Kg2 e5 28. Bg3 Rf7 29. Rh1 Rfc7 30. Rhd1 Rc2 31. a4 Kg5 32. b4 (32. f3 $17 {was worth a try.}) 32... Rxd2 33. Rxd2 Kxg4 $19 {[%emt 0:00:09][%mdl 4096] Endgame KRB-KRB} 34. Rd7 (34. a5 $17 Bd4 35. f3+ Kf5 36. Bf2) 34... g5 {[%emt 0:00:02] Hoping for ...Rc2.} 35. a5 Bd4 36. b5 f5 $2 (36... Kf5 $19 {is more deadly. And now ...Rc2 would win.} 37. f3 Rc2+ 38. Kh3 Ra2) 37. b6 $17 axb6 38. axb6 Bxb6 {[%emt 0:04:11] White must now prevent ...Rc2.} 39. Bxe5 $2 {[%emt 0:01:06][%mdl 8192] Loses the game.} (39. f3+ $17 Kh5 40. Bxe5) 39... Rc2 $19 40. Bg3 f4 {[%emt 0:00:03] Black mates.} 41. Rb7 Bc5 42. Bxf4 Rxf2+ 43. Kh1 gxf4 {[%emt 0:00:26] KRB-KR} 44. Rd7 Bf8 45. Rf7 Bh6 46. Rf6 Bg5 47. Rg6 Ra2 48. Rg8 f3 49. Kg1 Kf4 50. Kf1 Ra1+ 51. Kf2 Bh4+ {[%emt 0:00:03] Weighted Error Value: White=0.33/Black=0.18 (very precise)} 0-1

[Event "Slovakia Open 2022"]
[Site "Bratislava"]
[Date "2022.09.30"]
[Round "2.15"]
[White "Kostolansky, Sebastian Lukas"]
[Black "Krajnak, Robert"]
[Result "1-0"]
[ECO "B54"]
[WhiteElo "2398"]
[BlackElo "1931"]
[Annotator "TA"]
[PlyCount "53"]
[EventDate "2022.09.30"]
[EventCountry "SVK"]
[SourceTitle "playchess.com"]
[Source "ChessBase"]
[SourceQuality "1"]
[TimeControl "2700+10"]

1. e4 c5 2. Nf3 e6 3. d4 cxd4 4. Nxd4 Nc6 5. Nc3 d6 6. g4 Nge7 {[%emt 0:01:18] B54: Sicilian: 2...d6 3 d4 cxd4 4 Nxd4, Unusual Lines .} 7. Be3 Nxd4 8. Qxd4 Nc6 {[%emt 0:00:04] White is slightly better.} 9. Qd2 {[%emt 0:00:53] White has more active pieces. The black rooks are badly placed.} Be7 10. O-O-O b5 (10... O-O $14) 11. g5 (11. Bxb5 $18 Bb7 12. f4) 11... a6 12. Kb1 b4 {[%emt 0:02:16] [#]} 13. Na4 Rb8 14. f4 {[%emt 0:04:51] Against Ne5} Qa5 15. b3 O-O 16. h4 {[%emt 0:06:06][%cal Bh2h4,Bh4h5][%mdl 32] [#]} Bd7 $146 (16... Qc7 $142 17. c4 Qa5) ({Predecessor:} 16... d5 17. exd5 exd5 18. Bd3 Bg4 19. Rdg1 Bf3 20. Rh3 Be4 21. f5 Rfe8 22. f6 Bxd3 23. Qxd3 {1-0 (31) Lobron,E (2620)-Schulz,K (2415) Germany 1993}) 17. h5 $18 Rfc8 18. Qf2 Bd8 $2 (18... Be8 {was called for.} 19. h6 g6) 19. g6 ({Weaker is} 19. Rxd6 Be8 20. h6 g6 $18) 19... Ne7 20. gxf7+ Kf8 21. Nc5 Bc6 (21... Rxc5 $142 22. Bxc5 Qxc5 23. Qxc5 dxc5 24. Rxd7 Nc6 25. Bxa6 Nd4) 22. Nxe6+ Kxf7 23. Rxd6 Bc7 {[%emt 0:01:38] [#]} 24. Rxc6 $1 Nxc6 25. Bc4 {[%emt 0:00:02] A strong pair of Bishops.} Ke7 26. Qh4+ g5 27. hxg6+ {[%emt 0:00:02] Weighted Error Value: White=0.24 (precise) /Black=0.88} 1-0

[Event "Slovakia Open 2022"]
[Site "Bratislava"]
[Date "2022.09.30"]
[Round "2.16"]
[White "Nemsak, Denis"]
[Black "Novosadova, Kristyna"]
[Result "1-0"]
[ECO "A26"]
[WhiteElo "2012"]
[BlackElo "2151"]
[Annotator "TA"]
[PlyCount "39"]
[EventDate "2022.09.30"]
[EventCountry "SVK"]
[SourceTitle "playchess.com"]
[Source "ChessBase"]
[SourceQuality "1"]
[TimeControl "2700+10"]

1. c4 e5 2. Nc3 Nc6 3. g3 g6 4. Bg2 Bg7 5. e4 d6 6. Nge2 Be6 7. d3 Qd7 8. O-O h5 {[%emt 0:00:28] has lost popularity (8...Bh3). A26: English Opening vs King's Indian with ...Nc6 and d3.} 9. Nd5 O-O-O (9... h4 $11) 10. b4 (10. h4 $1 $14) 10... Bh3 ({Don't play} 10... Bxd5 11. cxd5 Nce7 12. h4 $14) (10... h4 $11) 11. b5 $14 {[%emt 0:00:18] [#]} Nd4 $146 {[%emt 0:00:17] Black cannot hold the game after this.} (11... Nce7 $14) ({Predecessor:} 11... Nce7 12. a4 h4 13. f3 hxg3 14. Nxg3 Bxg2 15. Kxg2 Qh3+ {0-1 (15) Kreuchauf,O-Guenther,L freechess.de 2019}) 12. Nxd4 $18 {[%emt 0:04:58][%cal Od1a4] And now Qa4! would win.} exd4 {[%emt 0:00:03] [#]} 13. Qa4 $1 Kb8 {[%emt 0:00:09] [#]} 14. c5 $1 dxc5 (14... Bxg2 15. Kxg2 h4) 15. Bf4 Rc8 16. Bxh3 Qxh3 17. b6 {[%emt 0:00:02][%csl Gb6][%cal Ra4a7] White mates.} a6 18. Nxc7 Rd8 19. Nxa6+ Kc8 20. Nxc5 {[%emt 0:00:06] Weighted Error Value: White=0.07 (flawless) /Black=0.95} 1-0

[Event "Slovakia Open 2022"]
[Site "Bratislava"]
[Date "2022.09.30"]
[Round "2.17"]
[White "Rakhmangulova, Anastasiya"]
[Black "Nikpour Aryabod"]
[Result "1-0"]
[ECO "B13"]
[WhiteElo "2244"]
[BlackElo "1000"]
[Annotator "TA"]
[PlyCount "83"]
[EventDate "2022.09.30"]
[EventCountry "SVK"]
[SourceTitle "playchess.com"]
[Source "ChessBase"]
[SourceQuality "1"]
[TimeControl "2700+10"]

1. e4 c6 2. d4 d5 3. exd5 cxd5 4. Bd3 Nc6 5. c3 Nf6 6. Bf4 Bg4 7. Qb3 Qd7 8. Nd2 e6 9. Ngf3 Bxf3 10. Nxf3 a6 11. O-O Be7 {[%emt 0:00:16] B13: Caro-Kann: Exchange Variation and Panov-Botvinnik Attack.} 12. h3 O-O 13. a4 {[%emt 0:00:05] [#]} Rac8 $146 {[%emt 0:01:04] White has an edge.} ({Predecessor:} 13... Na5 14. Qd1 Rac8 15. Ne5 Qd8 16. Re1 Nc4 17. Nxc4 dxc4 18. Bc2 Nd5 19. Be5 Bg5 {1-0 (46) Lumachi,G (2237)-Bevilacqua,M (2074) Verona 2019}) 14. a5 h6 15. Rfe1 Rfd8 16. Ne5 Nxe5 17. Bxe5 Ne8 18. Bb1 g6 19. Qd1 Bd6 20. Qd2 Kh7 21. h4 Bxe5 22. Rxe5 $40 {[%emt 0:00:47][%mdl 128] Strongly threatening Rh5. White is out for blood.} Nd6 $2 {[%emt 0:02:24][%mdl 8192] Black cannot hold the game after this.} (22... f6 $16 23. Re3 (23. Rh5 $2 Qg7 $19) 23... Ng7) 23. Rh5 $1 $18 Kg8 {[%emt 0:06:58] [#]} 24. Rxh6 $2 (24. Qxh6 $1 gxh5 25. Bh7+ Kh8 26. Re1) 24... Nf5 (24... Kg7 {was necessary.} 25. Bxg6 fxg6) 25. Bxf5 exf5 26. h5 Rc6 27. hxg6 Rxg6 28. Re1 Kg7 29. Rxg6+ fxg6 {[%emt 0:00:28][%mdl 4096] Endgame KQR-KQR} 30. Re3 Rh8 31. Re5 Re8 (31... Kf7 $142 32. Qe3 Qd8) 32. Qe3 Rxe5 33. dxe5 {[%emt 0:00:23] Hoping for e6. KQ-KQ} ({Less strong is} 33. Qxe5+ Kf7 34. g3 Qd8 $16) 33... Qe6 34. f4 Kf7 35. Qb6 Qxb6+ (35... Qe7 $18 36. g3 g5) 36. axb6 {[%emt 0:00:01] KP-KP. White mates.} Ke6 37. Kf2 g5 38. g3 g4 39. Ke3 a5 40. Kd4 a4 41. Kc5 a3 42. bxa3 {[%emt 0:00:01] Weighted Error Value: White=0.25 (precise) /Black=0.34} 1-0